 Dungeon Crawl Stone Soup version 0.24.0-13-gcf9b319 (webtiles) character file.

Game seed: 17683732577420432639, levelgen mode: deterministic

87 shmeve the Shield-Bearer (level 4, -6/60 HPs)
             Began as a Minotaur Berserker on Apr 13, 2020.
             Was a Believer of Trog.
             Mangled by a gnoll
             ... wielding a +1 halberd of chopping
              (14 damage)
             ... on level 3 of the Dungeon.
             The game lasted 00:02:17 (1901 turns).

shmeve the Shield-Bearer (Minotaur Berserker)       Turns: 1901, Time: 00:02:19

Health: -6/60      AC:  2    Str: 27    XL:     4   Next: 28%
Magic:  3/3        EV: 12    Int:  5    God:    Trog [**....]
Gold:   53         SH:  4    Dex:  9    Spells: 3/3 levels left

rFire    . . .     SeeInvis .   a - +0 hand axe
rCold    . . .     Gourm    .   i - +0 buckler
rNeg     . . .     Faith    .   b - +0 animal skin
rPois    .         Spirit   .   (helmet restricted)
rElec    .         Reflect  .   (no cloak)
rCorr    .         Harm     .   (no gloves)
MR       .....                  (no boots)
Stlth    ..........             (no amulet)
HPRegen  0.20/turn              (no ring)
MPRegen  0.08/turn              (no ring)

@: berserking, very quick
A: retaliatory headbutt, horns 2
a: Berserk, Trog's Hand, Renounce Religion


You were on level 3 of the Dungeon.
You worshipped Trog.
Trog was pleased with you.
You were not hungry.

You visited 1 branch of the dungeon, and saw 3 of its levels.

You collected 53 gold pieces.

Inventory:

Hand Weapons
 a - a +0 hand axe (weapon)
Armour
 b - a +0 animal skin (worn)
 i - a +0 buckler (worn)
Wands
 m - a wand of disintegration (16)
Scrolls
 d - 4 scrolls of identify {unknown}
 e - a scroll of amnesia {unknown}
 l - 2 scrolls of teleportation {unknown}
 o - a scroll of magic mapping {unknown}
Potions
 f - 3 potions of might {unknown}
 g - a potion of mutation {unknown}
 h - 2 potions of curing {unknown}
 j - 2 potions of flight {unknown}
 k - a potion of ambrosia {unknown}
Comestibles
 c - 4 rations


   Skills:
 - Level 3.8 Fighting
 - Level 3.8 Axes
 - Level 0.1 Throwing
 - Level 2.5 Armour
 - Level 2.2 Dodging
 + Level 4.3 Shields


You had 3 spell levels left.
You didn't know any spells.
Your spell library was empty.

Dungeon Overview and Level Annotations

Branches:
Dungeon (3/15)

Altars:


Innate Abilities, Weirdness & Mutations

You reflexively headbutt those who attack you in melee.
You have a pair of horns on your head.


Message History

The goblin shouts!
Your headbutt misses the gnoll.
The gnoll is almost dead.
You hit the orc but do no damage. The orc closely misses you.
You block the gnoll's attack.
Unknown command.
A red film seems to cover your vision as you go berserk!
You feel yourself moving faster!
You feel mighty!
You feel a lot more hungry. You block the orc's attack.
The gnoll completely misses you.
You hit the gnoll.
You kill the gnoll!
Trog accepts your kill.
You barely miss the orc. The orc hits you with a +0 mace.
* * * LOW HITPOINT WARNING * * *
Unknown command.
You slash the orc!
You kill the orc!
Trog accepts your kill.
The gnoll hits you from afar with a +1 halberd of chopping!
You die...

...?.............%..
.............?.......
.....................
..........[..........
...........[)........
..........)..........
........†)†....<.....
......†...gg..)......
.........g..)@.......
#..####..#####)#.##..
.. .....# .# # .#...#
.# . ##..# .# ...# .#
..## .# .#


You could see 2 gnolls and a goblin.

Vanquished Creatures
  2 gnolls (D:3)
  An adder (D:2)
  An ooze (D:2)
  2 worms (D:2)
  2 leopard geckos (D:2)
  6 orcs (D:3)
  2 giant cockroaches (D:3)
  3 goblins
  8 hobgoblins
  2 jackals (D:3)
  A kobold (D:2)
  A ball python (D:2)
  4 bats
  2 frilled lizards
  3 rats
40 creatures vanquished.

Notes
Turn   | Place    | Note
-------+----------+-------------------------------------------
     0 | D:1      | shmeve the Minotaur Berserker began the quest for the Orb.
     0 | D:1      | Reached XP level 1. HP: 19/19 MP: 0/0
   522 | D:1      | Reached XP level 2. HP: 23/27 MP: 1/1
   595 | D:1      | Reached skill level 1 in Shields
  1032 | D:2      | Reached skill level 2 in Shields
  1208 | D:2      | Reached XP level 3. HP: 22/33 MP: 2/2
  1531 | D:2      | Reached skill level 3 in Shields
  1740 | D:3      | Reached ** piety under Trog
  1894 | D:3      | Reached skill level 4 in Shields
  1894 | D:3      | Reached XP level 4. HP: 31/40 MP: 3/3
  1901 | D:3      | Mangled by a gnoll

Levels and vault maps discovered:
D:1:      dpeg_arrival_rhombi, layout_loops_ring, hex_large
D:2:      layout_loops_ring
D:3:      layout_basic, nicolae_tso_swordbearing_angel, vehumet_crystals,
          first_ration, kb_xom_exploding_sheep

Skill      XL: |  1  2  3 |
---------------+----------+-----
Shields        | 2 4 |  4.3
Fighting       | |  3.8
Axes           | |  3.8
Throwing       | |  0.1
Armour         | |  2.5
Dodging        | |  2.2

Action                   |  1- 3 |  4- 6 || total
-------------------------+-------+-------++-------
Melee: Hand axe          |    64 |     6 ||    70
       Headbutt          |    13 |     1 ||    14
Invok: Berserk           |     1 |     1 ||     2
  Eat: Chunk             |     2 |       ||     2
       Ration            |     1 |       ||     1
Armor: Animal skin       |     9 |       ||     9
Dodge: Dodged            |    45 |     4 ||    49
Block: Buckler           |     5 |     2 ||     7
